 Dungeon Crawl Stone Soup version 0.29-a0-1027-gcd8c55af63 (webtiles) character file.

Game seed: 13758383805944742981

6973 greenreed the Demolition Minotaur (level 10, 0/83 HPs)
             Began as a Minotaur Monk on Aug 12, 2022.
             Was an Elder of Makhleb.
             Slain by a swamp worm (17 damage)
             ... on level 9 of the Dungeon.
             The game lasted 00:36:21 (9722 turns).

greenreed the Demolition Minotaur (Minotaur Monk)   Turns: 9722, Time: 00:36:31

Health: 0/83       AC: 16    Str: 20    XL:     10   Next: 81%
Magic:  17/17      EV: 15    Int:  7    God:    Makhleb [****..]
Gold:   453        SH:  0    Dex: 13    Spells: 9/9 levels left

rFire   + + .      SeeInvis .   E - +0 lajatang
rCold   x . .      Faith    .   (shield currently unavailable)
rNeg    . . .      Spirit   .   p - +0 fire dragon scales
rPois   .          Reflect  .   (helmet restricted)
rElec   .          Harm     .   y - +2 cloak {Stlth+}
rCorr   +          Rampage  .   R - +0 pair of gloves
Will    .....                   e - +0 pair of boots
Stlth   +.........              (no amulet)
HPRegen 0.23/turn               s - +4 ring of evasion
MPRegen 0.15/turn               L - ring of resist corrosion

@: very slow
A: horns 2, retaliatory headbutt
a: Renounce Religion, Minor Destruction, Lesser Servant of Makhleb, Major
Destruction


You were on level 9 of the Dungeon.
You worshipped Makhleb.
Makhleb was greatly pleased with you.
You visited 1 branch of the dungeon, and saw 9 of its levels.

You collected 453 gold pieces.

Inventory:

Hand Weapons
 a - a +0 mace
 b - a +0 morningstar
 E - a +0 lajatang (weapon)
 H - the +7 Singing Sword {vorpal, sonic wave}
   (You found it on level 5 of the Dungeon)

   It inflicts extra damage upon your enemies.
   It radiates damaging sonic waves as it strikes, especially in combat
   involving dangerous or numerous foes.
 U - a +0 vorpal demon whip
 V - a +2 flail of holy wrath
Missiles
 o - 8 poisoned darts
 r - 3 boomerangs of dispersal
 W - 2 silver boomerangs
Armour
 e - a +0 pair of boots (worn)
 p - +0 fire dragon scales (worn)
 v - a +2 leather armour of fire resistance
 y - a +2 cloak of stealth (worn)
 D - +0 steam dragon scales
 R - a +0 pair of gloves (worn)
 Y - +0 acid dragon scales
Jewellery
 s - a +4 ring of evasion (left hand)
 L - a ring of resist corrosion (right hand)
Wands
 x - a wand of roots (23)
 J - a wand of flame (18)
 S - a wand of paralysis (17)
 T - a wand of quicksilver (24)
 X - a wand of digging (1)
Scrolls
 d - 2 scrolls of vulnerability
 g - a scroll of silence {unknown}
 h - 5 scrolls of poison
 j - 4 scrolls of immolation
 k - a scroll of magic mapping {unknown}
 m - 3 scrolls of noise
 n - 2 scrolls of amnesia
 q - 2 scrolls of blinking {unknown}
 t - 2 scrolls of fog
 u - a scroll of enchant weapon {unknown}
 G - 2 scrolls of teleportation {unknown}
 M - a scroll of enchant armour {unknown}
 O - a scroll of summoning {unknown}
 Q - a scroll of fear {unknown}
Potions
 c - a potion of ambrosia
 f - 4 potions of curing
 i - 4 potions of heal wounds
 l - 2 potions of resistance {unknown}
 w - 4 potions of brilliance {unknown}
 z - 3 potions of cancellation {unknown}
 A - a potion of flight {unknown}
 B - a potion of magic {unknown}
 C - a potion of haste {unknown}
 F - a potion of might {unknown}
 I - a potion of attraction {unknown}
 K - a potion of lignification {unknown}
 N - a potion of mutation {unknown}
 P - a potion of berserk rage {unknown}


   Skills:
 + Level 6.2 Fighting
 + Level 8.0(8.9) Maces & Flails
 + Level 5.6(7.7) Staves
 + Level 6.1 Armour
 + Level 5.8 Dodging
 + Level 3.3 Stealth
 * Level 11.9 Invocations


You had 9 spell levels left.
You didn't know any spells.
Your spell library contained the following spells:

 Spells                   Type           Power      Damage    Failure   Level
 Apportation              Tloc           0%         N/A       83%         1
 Call Canine Familiar     Summ           0%         N/A       99%         3
 Portal Projectile        Hex/Tloc       0%         N/A       99%         3
 Leda's Liquefaction      Hex/Erth       0%         N/A       100%        4
 Alistair's Intoxication  Tmut/Pois      0%         N/A       100%        5


Dungeon Overview and Level Annotations

Branches:
Dungeon (9/15)             Temple (0/1) D:6            Lair (0/5) D:9
    Orc: D:9-12

Altars:
Dithmenos
Elyvilon
Gozag
Makhleb
Okawaru
Ru
Sif Muna
Vehumet
Xom
Yredelemnul
Zin
The Shining One

Shops:
D:4 !


Innate Abilities, Weirdness & Mutations

You have a pair of horns on your head.
You reflexively headbutt those who attack you in melee.


Message History

Moving in this stuff is going to be slow.
A swamp worm comes into view.
The swamp worm fires a harpoon shot at you.
The harpoon shot hits you.
You are yanked forward by the harpoon shot.
Splash!
A swamp worm comes into view.
Found a rapier.
You see here a staff of poison.
You slash the swamp worm!
The swamp worm is heavily wounded.
The swamp worm bites you but does no damage.
Your unstable footing causes you to fumble your attack.
The swamp worm bites you!
Your unstable footing causes you to fumble your attack.
The swamp worm barely misses you.
The swamp worm bites you but does no damage.
Your unstable footing causes you to fumble your attack.
The swamp worm bites you but does no damage. x2
The swamp worm misses you. You furiously retaliate!
You headbutt the swamp worm. You barely miss the swamp worm.
The swamp worm is moderately wounded.
The swamp worm bites you! The swamp worm closely misses you.
The swamp worm bites you.
You hit the swamp worm. You headbutt the swamp worm.
The swamp worm is heavily wounded.
The swamp worm bites you. The swamp worm bites you!
You don't know any spells.
A demon appears!
The swamp worm closely misses you. The swamp worm bites you.
Your unstable footing causes you to fumble your attack.
The swamp worm closely misses you. x2; You furiously retaliate!
You headbutt the swamp worm. Your ynoxinul hits the swamp worm!
You closely miss the swamp worm.
The swamp worm is severely wounded.
The swamp worm bites you! The swamp worm misses you. You furiously retaliate!
You headbutt the swamp worm. The swamp worm bites you!
* * * LOW HITPOINT WARNING * * *
The swamp worm bites you!
You die...

...###.###.#
#..#...#
#.......... ..##
#.###.###~~~~~.#
########### .##
#.......~~≈~≈~~# .#
##.####.~≈###~~# .#
###.####~~##~##~~#
.
#......~~~#~~~#~~~
#......~≈##3~~##≈~
#.....#~~#~~ww~#~~#
#.....#~≈##)@~# ~#
#.....#~~~#~~~# ~~#
########~~##~##~~#
#.~≈~~~≈~#
##~~~~~~~#
##~~~~~## ####.##
.# #


You could see 2 swamp worms and a friendly ynoxinul (summoned).

Vanquished Creatures
  Pikel (D:5)
  The ghost of purpskrrrp the Covert, a novice KoMo (D:6)
  Maurice (D:9)
  An unseen horror skeleton (D:6)
  Prince Ribbit (D:9)
  2 wyverns (D:7)
  A steam dragon (D:5)
  4 orc warriors
  2 black bears
  An ice beast (D:6)
  The ghost of siradein the Trooper, an amateur BaBe of Trog (D:4)
  An ogre (D:3)
  A phantom (D:6)
  2 lemures (D:5)
  A kobold brigand (D:8)
  3 bullfrogs
  3 necrophages
  11 scorpions
  12 wights
  3 killer bees (D:9)
  A howler monkey (D:5)
  3 jellies
  4 orc priests
  Crazy Yiuf (D:3)
  4 hounds
  An iguana (D:6)
  A centaur skeleton (D:6)
  10 orc wizards
  Robin (D:1)
  3 howler monkey skeletons (D:6)
  12 adders
  6 gnolls
  2 shadow imps
  5 white imps
  2 worms
  2 dart slugs
  30 orcs
  6 ball pythons
  14 bats
  8 endoplasms
  2 giant cockroaches
  18 goblins
  12 hobgoblins
  4 jackals (D:1)
  A quokka (D:1)
  6 frilled lizards
  12 kobolds
  7 rats
231 creatures vanquished.

Vanquished Creatures (collateral kills)
  Amaemon (D:8)
  An orange demon (D:8)
  A yak (D:8)
  An acid dragon (D:9)
4 creatures vanquished.

Vanquished Creatures (others)
  17 fungi
  7 plants (D:9)
24 creatures vanquished.

Grand Total: 259 creatures vanquished

Notes
Turn   | Place    | Note
-------+----------+-------------------------------------------
     0 | D:1      | greenreed the Minotaur Monk began the quest for the Orb.
     0 | D:1      | Reached XP level 1. HP: 19/19 MP: 0/0
   142 | D:1      | Reached XP level 2. HP: 27/27 MP: 1/1
   495 | D:1      | Reached XP level 3. HP: 33/33 MP: 2/2
  1203 | D:2      | Reached XP level 4. HP: 25/40 MP: 3/3
  1649 | D:2      | Noticed a scorpion
  1672 | D:2      | Killed a scorpion
  1673 | D:2      | Reached skill level 5 in Maces & Flails
  1673 | D:2      | Reached XP level 5. HP: 46/46 MP: 4/4
  1824 | D:2      | Noticed Robin
  2083 | D:1      | Killed Robin
  2276 | D:3      | Found an iron altar of Okawaru.
  2556 | D:3      | Found a sacrificial altar of Ru.
  2743 | D:3      | Found a burning altar of Makhleb.
  2743 | D:3      | Noticed a balrug
  2747 | D:3      | Noticed a ynoxinul
  2747 | D:3      | Noticed a smoke demon
  2751 | D:3      | Became a worshipper of Makhleb the Destroyer
  2751 | D:3      | Reached * piety under Makhleb
  2751 | D:3      | Reached ** piety under Makhleb
  2798 | D:3      | Found a radiant altar of Vehumet.
  3235 | D:3      | Found a runed translucent door.
  3236 | D:3      | Noticed Crazy Yiuf
  3242 | D:3      | Killed Crazy Yiuf
  3243 | D:3      | Reached XP level 6. HP: 40/53 MP: 5/5
  3385 | D:3      | Reached skill level 1 in Armour
  3385 | D:3      | Reached skill level 1 in Invocations
  3588 | D:4      | Found a runed translucent door.
  3588 | D:4      | Noticed siradein's ghost (amateur BaBe)
  3618 | D:4      | Found a basalt altar of Yredelemnul.
  3676 | D:4      | Found a shimmering altar of Xom.
  3677 | D:4      | Found a shimmering altar of Xom.
  3796 | D:4      | Reached XP level 7. HP: 59/60 MP: 7/7
  3953 | D:4      | Found Xompust's Distillery.
  4032 | D:4      | Reached skill level 2 in Invocations
  4037 | D:4      | Reached skill level 5 in Fighting
  4037 | D:4      | Reached skill level 5 in Dodging
  4413 | D:4      | Killed siradein's ghost
  4448 | D:5      | Entered Level 5 of the Dungeon
  4507 | D:5      | Noticed a steam dragon
  4523 | D:5      | Killed a steam dragon
  4524 | D:5      | Reached XP level 8. HP: 54/68 MP: 7/9
  4664 | D:5      | Reached skill level 3 in Invocations
  4748 | D:5      | Reached *** piety under Makhleb
  4754 | D:5      | Reached skill level 1 in Staves
  4781 | D:5      | Reached skill level 4 in Invocations
  4840 | D:5      | Noticed Pikel
  4930 | D:5      | Killed Pikel
  4931 | D:5      | Reached skill level 5 in Invocations
  4935 | D:5      | Reached XP level 9. HP: 75/75 MP: 10/12
  4947 | D:5      | Found the +7 Singing Sword {vorpal, sonic wave}
  5070 | D:5      | Found a glowing golden altar of the Shining One.
  5289 | D:6      | Found a runed translucent gate.
  5305 | D:6      | Found a runed translucent gate.
  5305 | D:6      | Found a runed translucent gate.
  5308 | D:6      | Noticed purpskrrrp's ghost (novice KoMo)
  5346 | D:6      | Found a staircase to the Ecumenical Temple.
  5421 | D:6      | Reached skill level 6 in Invocations
  6577 | D:6      | Reached skill level 5 in Armour
  6577 | D:6      | Reached skill level 7 in Invocations
  6693 | D:6      | Killed purpskrrrp's ghost
  6694 | D:6      | Reached skill level 5 in Staves
  6694 | D:6      | Reached skill level 8 in Invocations
  6878 | D:7      | Reached **** piety under Makhleb
  7315 | D:7      | Reached skill level 9 in Invocations
  7315 | D:7      | Reached XP level 10. HP: 73/83 MP: 15/15
  7502 | D:8      | Found a shadowy altar of Dithmenos.
  7524 | D:8      | Noticed an orange demon
  7525 | D:8      | Noticed Amaemon
  7530 | D:8      | Killed an orange demon
  7537 | D:8      | Killed Amaemon
  7538 | D:8      | Reached skill level 10 in Invocations
  7705 | D:8      | You fall into a shaft and drop 1 floor!
  8201 | D:8      | Found a white marble altar of Elyvilon.
  8601 | D:8      | Reached skill level 11 in Invocations
  8705 | D:8      | Found a shimmering blue altar of Sif Muna.
  9111 | D:9      | Noticed Prince Ribbit
  9117 | D:9      | Killed Prince Ribbit
  9150 | D:9      | Found an opulent altar of Gozag.
  9191 | D:9      | Noticed Maurice
  9209 | D:9      | Killed Maurice
  9308 | D:9      | Found a glowing silver altar of Zin.
  9620 | D:9      | Found a staircase to the Lair.
  9722 | D:9      | Slain by a swamp worm

Illustrated notes

Levels and vault maps discovered:
D:1:      dpeg_arrival_houses_and_road, layout_basic, minmay_close_crescents
D:2:      layout_loops_ring, uniq_robin
D:3:      layout_basic, okawaru_metal_pillars_1_2,
          nicolae_ru_the_path_less_chosen, makhleb_altar_promises_db,
          nicolae_vehumet_radiance, st_stairs_8, uniq_crazy_yiuf_cottage
D:4:      layout_basic, xom_redecorated, lemuel_doored_altar, serial_shops,
          kennysheep_little_box, hellmonk_ghost_happy_afterlife
D:5:      old_forge, layout_cave_pools, mainiacjoe_overflow_alcove_4, uniq_pikel
D:6:      layout_basic, minmay_temple_entry_arrows, gammafunk_ghost_necromancy,
          minivault_24, nicolae_hexahallways, kennysheep_generic_room_2
D:7:      layout_basic
D:8:      layout_cave_pods, mainiacjoe_overflow_24_doors,
          mainiacjoe_overflow_alcove_2, marbit_many_paths,
          small_statue_intersection, corexii_leaking_fountain, uniq_amaemon
D:9:      layout_loops_cross, pdpol_temple_overflow_zin_treasury_gozag_greed,
          minmay_overflow_temple_star_quad, grunt_lair_entry_orc_guard_hut,
          worms_lemuel, uniq_maurice, uniq_prince_ribbit1

Skill      XL: |  1  2  3  4  5  6  7  8  9 10 |
---------------+-------------------------------+-----
Maces & Flails | 4 5 6 7 8 |  8.0
Fighting       | 4 5 6 |  6.2
Stealth        | 2 3 |  3.3
Dodging        | 4 5 |  5.8
Armour         | 1 3 4 5 6 |  6.1
Invocations    | 1 2 5 9 11 | 11.9
Staves         | 3 5 |  5.6

Action                   |  1- 3 |  4- 6 |  7- 9 | 10-12 || total
-------------------------+-------+-------+-------+-------++-------
Melee: Mace              |    89 |   155 |       |       ||   244
       Headbutt          |    15 |    32 |    36 |     8 ||    91
       Punch             |     1 |       |       |       ||     1
       Morningstar       |       |       |    42 |       ||    42
       Lajatang          |       |       |   149 |    47 ||   196
Invok: Minor Destruction |       |     1 |   124 |    92 ||   217
       Major Destruction |       |       |       |     4 ||     4
       Lesser Servant of |       |       |       |     3 ||     3
  Use: Scroll            |       |       |       |     9 ||     9
 Stab: Sleeping          |     4 |     2 |     1 |       ||     7
       Distracted        |     1 |       |       |       ||     1
Armor: Robe              |    11 |    14 |       |       ||    25
       Fire dragon scale |       |    40 |    93 |    24 ||   157
Dodge: Dodged            |    62 |   119 |   184 |    51 ||   416

Table legend: (Time is in decaauts)
 A = Elapsed time spent in this place.
 B = Non-inter-level travel time spent in this place.
 C = Inter-level travel time spent in this place.
 D = Time resting spent in this place.
 E = Time spent auto-exploring this place.
 F = Levels seen in this place.
 G = Mean time per level.
                   A        B        C        D        E       F      G
               +--------+--------+--------+--------+--------+-----+--------+
         Total |   9785 |   9529 |    256 |    407 |   7313 |   9 | 1087.2 |
       Dungeon |   9785 |   9529 |    256 |    407 |   7313 |   9 | 1087.2 |
               +--------+--------+--------+--------+--------+-----+--------+

Top non-repeatable levels by time:
     D:6: 1491 daAuts
     D:8: 1477 daAuts
     D:3: 1253 daAuts
     D:1: 1172 daAuts
     D:2: 1126 daAuts
     D:4: 937 daAuts
     D:5: 848 daAuts
     D:9: 808 daAuts
     D:7: 669 daAuts
